 Dungeon Crawl Stone Soup version 0.18-a0-1273-g8ec5f8e (webtiles) character file.

1075 M4edhros the Covert (level 8, 0/48 HPs)
             Began as an Octopode Artificer on Feb 8, 2016.
             Slain by a water moccasin (8 damage)
             ... on level 6 of the Dungeon.
             The game lasted 00:13:18 (10143 turns).

M4edhros the Covert (Octopode Artificer)           Turns: 10143, Time: 00:13:18

Health: 0/48       AC:  6    Str: 11    XL:     8   Next: 29%
Magic:  12/12      EV: 15    Int: 16    God:    Xom [*.....]
Gold:   178        SH:  0    Dex: 12    Spells: 0 memorised, 7 levels left

rFire  . . .     SeeInvis .     v - +2 dagger (protect)
rCold  . . .     Gourm    .     (no shield)
rNeg   + . .     Faith    .     (helmet restricted)
rPois  .         Spirit   .     (no amulet)
rElec  .         Dismiss  .     l - ring of positive energy
rCorr  .         Reflect  .     (no ring)
SustAt .         Harm     .     (no ring)
MR     .....                    (no ring)
Stlth  +++++.....               (no ring)
                                (no ring)
                                (no ring)
                                (no ring)

@: drained, not resistant to hostile enchantments, quite stealthy
A: almost no armour, amphibious, 8 rings, constrict 8, camouflage 1, gelatinous
body 1
a: Renounce Religion


You were on level 6 of the Dungeon.
You worshipped Xom.
You were a special plaything of Xom.
You were not hungry.

You visited 2 branches of the dungeon, and saw 7 of its levels.

You collected 178 gold pieces.

Inventory:

Hand Weapons
 a - a +0 short sword
 r - a +1 dagger of freezing
 t - a +0 quarterstaff
 v - a +2 dagger of protection (weapon)
Missiles
 g - 87 stones (quivered)
 A - 19 sling bullets
Armour
 u - the +4 naga barding of the Kraken {MR++, unknown}
   (Xom gifted it to you in the Ecumenical Temple)

   It affects your resistance to hostile enchantments.
Jewellery
 l - a ring of positive energy (left tentacle)
Wands
 b - a wand of flame (0/48)
 c - a wand of enslavement (9/24)
 d - a wand of random effects (9/48)
 s - a wand of flame (11/48)
 y - a wand of digging (14/24)
 C - a wand of iceblast (10/15)
Scrolls
 e - 6 scrolls of remove curse {unknown}
 h - 5 scrolls of identify {unknown}
 i - 2 scrolls of teleportation {unknown}
 j - a scroll of blinking {unknown}
 x - 2 scrolls of noise {unknown}
 z - a scroll of magic mapping {unknown}
 D - a scroll of fear {unknown}
Potions
 k - a potion of degeneration {unknown}
 m - a potion of cancellation {unknown}
 n - a potion of heal wounds {unknown}
 p - a potion of might {unknown}
 q - a potion of brilliance {unknown}
 w - a potion of cure mutation {unknown}
 B - a potion of agility
Comestibles
 f - 4 bread rations
 o - a beef jerky
 E - a chunk of flesh


   Skills:
 - Level 1.0(0.9) Fighting
 - Level 1.0(0.9) Short Blades
 * Level 6.3 Dodging
 * Level 8.7 Stealth
 + Level 5.4 Evocations


You had 7 spell levels left.
You didn't know any spells.

Dungeon Overview and Level Annotations

Branches:
Dungeon (6/15)             Temple (1/1) D:4

Altars:
Ashenzari
Dithmenos
Elyvilon
Fedhas
Gozag
Makhleb
Ru
Sif Muna
Vehumet
Xom

Shops:
D:5 }


Innate Abilities, Weirdness & Mutations

You cannot wear most types of armour.
You are amphibious.
You can wear up to eight rings at the same time.
You can use your tentacles to constrict eight enemies at once.
Your skin changes colour to match your surroundings (Stealth).
Your rubbery body absorbs attacks (AC +1).


Message History

The orc warrior's halberd is briefly surrounded by a scintillating aura of random colours. "This might be better!"
The orc warrior evaporates and reforms as a water moccasin!
Drink which item? (? for menu, Esc to quit)
Okay, then.
Read which item? (? for menu, Esc to quit)
Okay, then.
Okay, then.
Evoke which item? (* to show all) (? for menu, Esc to quit)
Okay, then.
Drink which item? (? for menu, Esc to quit)
Okay, then.
Evoke which item? (* to show all) (? for menu, Esc to quit)
Zapping:
c - a wand of enslavement (10/24)
Press: ? - help, Shift-Dir - straight line, f - water moccasin, p - ice beast
Aim: a water moccasin (chance to defeat MR: 57%)
The water moccasin resists with significant effort.
This wand has 9 charges left.
The water moccasin bites you!
You die...
Xom snickers!

#................#
#................#
#................#
#.....<.........[##
#.................#
.#................# .
...§...o##........# ..
#.§##§.§§o....##.###...
..§#####.##o#..#@#.....
..oo## #...)o.YS........
..§..# ##...............
..(..####.........##....
...§.(..................
....§.#.........#.......
.....(.........#..##...#
....##..#.?........ ...
.......)...##....... ..


You could see a water moccasin, an ice beast and an orc.

Vanquished Creatures
  An ice beast (D:5)
  Duvessa (D:4)
  A phantom (D:4)
  3 wights (D:5)
  3 hounds
  2 orc wizards (D:5)
  An orc priest (D:4)
  Jessica (D:3)
  A worker ant (D:5)
  10 gnolls
  4 adders
  2 oozes (D:4)
  2 adder skeletons (D:4)
  A worm (D:5)
  4 giant geckos
  13 orcs
  7 bats
  4 giant cockroaches
  4 hobgoblins
  5 jackals
  2 quokkas
  A ball python (D:2)
  A giant gecko zombie (D:5)
  9 giant newts
  4 goblins
  9 kobolds
  6 rats
102 creatures vanquished.

Vanquished Creatures (collateral kills)
  Pikel (D:5)
  A slave (D:5)
2 creatures vanquished.

Vanquished Creatures (others)
  3 slaves (D:5)
  Dowan (D:4)
  A hound (D:5)
  A worker ant (D:5)
  A quokka (D:5)
  A giant newt (D:5)
8 creatures vanquished.

Grand Total: 112 creatures vanquished

Notes
Turn   | Place    | Note
--------------------------------------------------------------
     0 | D:1      | M4edhros the Octopode Artificer began the quest for the Orb.
     0 | D:1      | Reached XP level 1. HP: 13/13 MP: 3/3
   458 | D:1      | Reached XP level 2. HP: 18/18 MP: 4/4
   701 | D:2      | Reached XP level 3. HP: 16/23 MP: 5/5
  1487 | D:3      | Noticed Jessica
  1500 | D:3      | Killed Jessica
  1500 | D:3      | Reached skill level 4 in Stealth
  1500 | D:3      | Reached XP level 4. HP: 4/28 MP: 6/6
  1842 | D:4      | Noticed Duvessa
  2002 | D:4      | Noticed Dowan
  2076 | D:4      | Found an opulent altar of Gozag.
  2093 | D:4      | Noticed a phantom
  2108 | D:4      | Killed a phantom
  2108 | D:4      | Reached skill level 5 in Stealth
  2108 | D:4      | Reached XP level 5. HP: 28/33 MP: 7/7
  2239 | D:4      | Found a staircase to the Ecumenical Temple.
  2247 | Temple   | Entered the Ecumenical Temple
  2364 | Temple   | Became a worshipper of Xom of Chaos
  2406 | D:4      | Reached XP level 6. HP: 28/38 MP: 9/9
  2518 | D:4      | XOM: harmless Air miscast
  2996 | Temple   | XOM: polymorph butterfly -> jackal
  3072 | Temple   | XOM: harmless Tloc miscast
  3259 | Temple   | XOM: mild Summ miscast
  3332 | Temple   | XOM: divination: detect creatures
  3588 | D:4      | XOM: enchant monster (good)
  3652 | D:4      | XOM: harmless Erth miscast
  3907 | D:4      | XOM: harmless Divn miscast
  3987 | D:4      | XOM: silly message
  4005 | D:4      | Your ally died
  4008 | D:4      | Reached skill level 6 in Stealth
  4134 | D:4      | Noticed a phantom
  4142 | D:4      | XOM: enchant monster (bad)
  4336 | Temple   | XOM: god gift: quarterstaff {god gift}
  5669 | Temple   | XOM: god gift: 13 stones
  5893 | Temple   | XOM: god gift: brightly glowing naga barding {god gift}
  5894 | Temple   | Got a brightly glowing naga barding {god gift}
  5938 | Temple   | XOM: divination: detect creatures
  6210 | D:4      | XOM: medium Erth miscast
  6220 | D:3      | Found a faded altar to an unknown god.
  6335 | D:3      | XOM: harmless Tloc miscast
  6338 | D:4      | XOM: stat loss: -1 Int (15/16)
  6497 | D:4      | Killed Duvessa
  6497 | D:4      | Reached XP level 7. HP: 43/43 MP: 10/10
  6686 | D:4      | XOM: enchant monster (good)
  6698 | D:4      | XOM: mild Conj miscast
  7205 | D:4      | XOM: harmless Ice miscast
  8031 | D:4      | XOM is BORED!
  8031 | D:4      | XOM: mild Ice miscast
  8048 | D:5      | Entered Level 5 of the Dungeon
  8053 | D:5      | Reached skill level 5 in Dodging
  8099 | D:5      | XOM: noise
  8109 | D:5      | XOM: noise
  8289 | D:5      | XOM: colour smoke trail
  8327 | D:5      | Noticed Pikel
  8327 | D:5      | XOM: divination: detect creatures
  8898 | D:5      | Reached skill level 7 in Stealth
  8898 | D:5      | XOM: divination: detect items
  8911 | D:5      | Killed Pikel
  8911 | D:5      | Reached skill level 5 in Evocations
  9200 | D:5      | Reached skill level 8 in Stealth
  9367 | D:5      | XOM: silly message
  9449 | D:5      | Found Neohagie's Quality Used Wands.
  9484 | D:5      | XOM: confusion (+ monsters)
  9503 | D:5      | Killed an ice beast
  9503 | D:5      | Reached XP level 8. HP: 48/48 MP: 11/11
  9525 | D:5      | Found a deep blue altar of Sif Muna.
  9582 | D:5      | XOM: confusion (+ monsters)
 10065 | D:6      | XOM: colour smoke trail
 10134 | D:6      | XOM: chaos upgrade
 10135 | D:6      | XOM: polymorph orc warrior -> water moccasin
 10143 | D:6      | Slain by a water moccasin

Vault maps used:
D:1:      lordsloth_arrival_two_stooges
D:2:      nicolae_overflow_hidden_temple
D:3:      lemuel_doored_altar, ecumenical_altar_2, uniq_jessica
D:4:      grunt_gozag_statues, minmay_temple_entry_butterflies, first_bread,
          uniq_duvessa
D:5:      lemuel_blue_sif_altar, corexii_leaking_fountain,
          nicolae_for_you_no_charge, uniq_pikel
D:6:      serial_shops, nicolae_shop_waterfront, shop, kennysheep_little_box,
          kennysheep_mini_moat, basic_altar, nicolae_ru_sacrificial_ziggurat
Temple:   minmay_temple_forest_path_12

Action                   |  1- 3 |  4- 6 |  7- 9 || total
-------------------------+-------+-------+-------++-------
Melee: Short sword       |    95 |    61 |       ||   156
       Quarterstaff      |       |    20 |    31 ||    51
       Dagger            |       |       |    62 ||    62
Evoke: Wand              |     3 |    13 |    15 ||    31
  Use: Potion            |       |       |     2 ||     2
 Stab: Sleeping          |     6 |     4 |     2 ||    12
       Distracted        |       |     1 |     2 ||     3
  Eat: Chunk             |     2 |     5 |     8 ||    15
       Meat ration       |       |     2 |       ||     2
       Bread ration      |       |       |     1 ||     1
